 Dungeon Sprint DCSS version 0.21.1-1-g345015f (webtiles) character file.

14205 wilfster70 the Fighter (level 12, -6/86 HPs)
             Began as a Gargoyle Monk on June 6, 2018.
             Was the Champion of Cheibriados.
             Killed from afar by a titan (12 damage)
             ... with a bolt of lightning
             ... in the Dungeon (Sprint V: "Ziggurat Sprint").
             The game lasted 00:10:44 (875 turns).

wilfster70 the Fighter (Gargoyle Monk)               Turns: 875, Time: 00:10:45

Health: -6/86      AC: 27    Str: 40    XL:     12   Next: 14%
Magic:  4/18       EV: 11    Int: 37    God:    Cheibriados [******]
Gold:   0          SH: 35    Dex: 27    Spells: 11/11 levels left

rFire    + + .     SeeInvis +   a - +14 obsidian axe {chop, +Fly SInv *Curse} (curse)
rCold    + . .     Gourm    +   l - +18 shield of the Gong {rElec rN+ MR+ EV-5}
rNeg     + + .     Faith    .   j - +5 gold dragon scales
rPois    ∞         Spirit   .   (no helmet)
rElec    +         Reflect  .   (no cloak)
rCorr    .         Harm     .   v - +0 pair of gloves {Str+3}
MR       +....     NoTele   +   k - +0 pair of boots {Fly}
Stlth    ..........             H - amulet of the gourmand
HPRegen  0.24/turn              C - +6 ring of intelligence
MPRegen  0.16/turn              I - ring of Lucidity {rF+ Str+7 Stlth+}

@: flying, mesmerised, studying 2 skills, very slow
A: negative energy resistance 1, electricity resistance, unbreathing,
petrification resistance, rot immunity, AC +8
a: Bend Time, Temporal Distortion, Slouch, Step From Time, Renounce Religion,
Stop Flying


You were in the Dungeon.
You worshipped Cheibriados.
Cheibriados was exalted by your worship.
You were not hungry.

You visited 1 branch

Inventory:

Hand Weapons
 a - the cursed +14 obsidian axe (weapon) {chop, +Fly SInv *Curse}
   (You found it in the Dungeon)

   It inflicts extra damage upon your enemies.
   It lets you see invisible.
   It lets you fly.
   It curses itself when equipped.
   It has a curse placed upon it.
Armour
 j - +5 gold dragon scales (worn)
 k - a +0 pair of boots of flying (worn)
 l - the +18 shield of the Gong (worn) {rElec rN+ MR+ EV-5}
   (You found it in the Dungeon)

   It affects your evasion (-5).
   It insulates you from electricity.
   It protects you from negative energy.
   It affects your resistance to hostile enchantments.
 v - a +0 pair of gloves of strength (worn)
Jewellery
 B - a +6 ring of intelligence
 C - a +6 ring of intelligence (left hand)
 H - an amulet of the gourmand (around neck)
 I - the ring of Lucidity (right hand) {rF+ Str+7 Stlth+}
   (You found it in the Dungeon)

   [ring of stealth]

   It affects your strength (+7).
   It protects you from fire.
   It makes you more stealthy.
 K - the ring of the Scarab {rC+ rN+ MR+ EV+1}
   (You found it in the Dungeon)

   [ring of evasion]

   It affects your evasion (+1).
   It protects you from cold.
   It protects you from negative energy.
   It affects your resistance to hostile enchantments.
Wands
 f - a wand of disintegration (7)
 h - a wand of iceblast (7)
 y - a wand of acid (7)
Scrolls
 i - 4 scrolls of blinking
 m - 4 scrolls of amnesia
 n - 7 scrolls of fog
 o - a scroll of holy word
 p - 5 scrolls of identify
 q - 5 scrolls of remove curse
 r - 2 scrolls of fear
 z - a scroll of brand weapon
Potions
 d - 10 potions of curing
 e - 12 potions of heal wounds
 g - 7 potions of magic
 s - 2 potions of brilliance
 t - 2 potions of invisibility
 u - 4 potions of resistance
 w - 5 potions of agility
 x - 5 potions of might
Books
 b - a manual of Unarmed Combat
 A - the Incunabulum of Evil Conjuration
   (You found it in the Dungeon)

   Spells                             Type                      Level
   a - Throw Frost                    Conjuration/Ice              2
   b - Sublimation of Blood           Necromancy                   2
   c - Animate Dead                   Necromancy                   4
   d - Iskenderun's Battlesphere      Conjuration/Charms           5
   e - Fireball                       Conjuration/Fire             5
 D - a Necronomicon

   Spells                             Type                      Level
   a - Haunt                          Necromancy/Summoning         7
   b - Borgnjor's Revivification      Necromancy                   8
   c - Death's Door                   Charms/Necromancy            8
   d - Infestation                    Necromancy                   8
   e - Necromutation                  Transmutation/Necromancy     8
 E - a manual of Staves
 F - a book of Unlife

   Spells                             Type                      Level
   a - Recall                         Summoning/Translocation      3
   b - Animate Dead                   Necromancy                   4
   c - Borgnjor's Vile Clutch         Necromancy/Earth             5
   d - Death Channel                  Necromancy                   6
   e - Simulacrum                     Ice/Necromancy               6
 J - a Fen Folio

   Spells                             Type                      Level
   a - Corpse Rot                     Necromancy                   2
   b - Stone Arrow                    Conjuration/Earth            3
   c - Leda's Liquefaction            Hexes/Earth                  4
   d - Summon Forest                  Summoning/Translocation      5
   e - Hydra Form                     Transmutation                6
   f - Summon Hydra                   Summoning                    7
 M - the Handbook of Mutagenic Poison
   (You found it in the Dungeon)

   Spells                             Type                      Level
   a - Sting                          Conjuration/Poison           1
   b - Beastly Appendage              Transmutation                1
   c - Poisonous Vapours              Poison/Air                   2
   d - Passwall                       Transmutation/Earth          2
   e - Olgreb's Toxic Radiance        Poison                       4
Miscellaneous
 G - 4 sacks of spiders
 L - a phantom mirror
 N - a fan of gales
Comestibles
 c - 8 rations


   Skills:
 + Level 14.7 Fighting
 + Level 12.7 Axes
 + Level 11.8 Dodging
 - Level 13.5 Stealth
 + Level 14.3 Shields
 - Level 8.7 Invocations


You had 11 spell levels left.
You didn't know any spells.

Dungeon Overview and Level Annotations

Branches:
Dungeon (1/1)

Altars:
Ashenzari
Cheibriados
Dithmenos
Elyvilon
Fedhas
Gozag
Hepliaklqana
Kikubaaqudgha
Makhleb
Nemelex Xobeh
Okawaru
Qazlal
Ru
Sif Muna
Trog
Uskayaw
Vehumet
Wu Jian
Xom
Yredelemnul
Zin
The Shining One
Beogh
Jiyva
Lugonu


Innate Abilities, Weirdness & Mutations

You are resistant to torment.
Your stone body is resilient. (AC +8)
You are immune to poison.
You resist negative energy. (rN+)
You are resistant to electric shocks. (rElec)
You can survive without breathing.
You are immune to petrification.
You are immune to rotting.


Message History

You slice the titan!!
The titan is severely wounded.
The spriggan air mage casts a spell at you.
The bolt of lightning misses the storm dragon.
The bolt of lightning hits the titan.
The titan completely resists.
The bolt of lightning hits you! You resist.
* * * LOW HITPOINT WARNING * * *
You block the titan's attack.
PTOANNNG!
You feel much better.
Visions of slaying the titan flood into your mind.
The storm dragon breathes lightning at you.
The bolt of lightning hits you! You resist. You block the titan's attack.
PTOANNNG!
The spriggan air mage waves its arms in wide circles.
The air twists around and violently strikes you in flight!
* * * LOW HITPOINT WARNING * * *
The titan points at you and mumbles some strange words.
The bolt of lightning hits you! You resist.
You die...

▓....©....▓
▓..|=.)[}"..▓▓▓▓▓▓▓▓▓▓▓
▓...)))):...▓...8©8...▓
▓...........▓..}.)!.=.▓
▓....†......▓...).)...▓
▓....†i.....▓..†......▓
▓...........▓.........▓
▓....CCD....▓....†....▓
▓..▓..@..▓..▓...†.....▓
▓...........▓.▓.....▓.▓
▓.....©.....▓....©....▓
▓▓▓▓▓▓▓▓▓▓▓▓▓▓▓▓▓▓▓▓▓▓▓
▓...8©8...▓...8©8...▓..
▓..:::[)}.▓..}}|))..▓..
▓.....:...▓...|.["..▓..
▓.=.......▓.........▓..
▓.........▓.........▓..


You could see 2 titans, a storm dragon and a spriggan air mage.

Vanquished Creatures
  2 reapers (D)
  A two-headed ogre (D)
  A skeletal warrior (D)
  3 draconians (D)
  2 cyclopes (D)
  A naga mage (D)
  A rust devil (D)
  A hellion (D)
  A tormentor (D)
  3 trolls (D)
  4 wind drakes (D)
  2 air elementals (D)
  A flying skull (D)
  A shadow (D)
  A golden eye (D)
  2 insubstantial wisps (D)
  2 porcupines (D)
  A hell hound (D)
  A water moccasin (D)
  2 floating eyes (D)
  3 phantoms (D)
  A necrophage (D)
  2 scorpions (D)
  A wight (D)
  2 jellies (D)
  2 orc priests (D)
  2 iron imps (D)
  A mummy (D)
  An adder (D)
  An ufetubus (D)
  An ooze (D)
  An orc (D)
  A bat zombie (D)
  A giant cockroach zombie (D)
  A leopard gecko skeleton (D)
  A leopard gecko zombie (D)
55 creatures vanquished.

Vanquished Creatures (collateral kills)
  2 two-headed ogres (D)
  A wolf spider (D)
  A draconian (D)
  2 naga magi (D)
  2 trolls (D)
  2 jumping spiders (D)
  6 merfolk (D)
  3 hippogriffs (D)
  2 redbacks (D)
  A yak (D)
  2 porcupines (D)
  A water moccasin (D)
  A scorpion (D)
  A jackal (D)
  A ball python (D)
28 creatures vanquished.

Grand Total: 83 creatures vanquished

Notes
Turn   | Place    | Note
-------+----------+-------------------------------------------
     0 | D        | Found the +6 Majin-Bo {vamp, Archmagi MP+6 Int+6}
     0 | D        | Found the +7 great mace "Firestarter" {inner flame, rF++}
     0 | D        | wilfster70 the Gargoyle Monk began the quest for the Orb.
     0 | D        | Reached XP level 1. HP: 14/14 MP: 1/1
     4 | D        | Found a blossoming altar of Fedhas.
     5 | D        | Found an opulent altar of Gozag.
     5 | D        | Found a hazy altar of Hepliaklqana.
     5 | D        | Found a viscous altar of Jiyva.
     5 | D        | Found a transporter.
     6 | D        | Became a worshipper of Cheibriados the Contemplative
     6 | D        | Reached * piety under Cheibriados
     6 | D        | Reached ** piety under Cheibriados
     8 | D        | Found an ancient bone altar of Kikubaaqudgha.
    10 | D        | Found a corrupted altar of Lugonu.
    26 | D        | Found a burning altar of Makhleb.
    27 | D        | Found a stormy altar of Qazlal.
    27 | D        | Found a sacrificial altar of Ru.
    27 | D        | Found an iron altar of Okawaru.
    27 | D        | Found a deep blue altar of Sif Muna.
    27 | D        | Found a sparkling altar of Nemelex Xobeh.
    27 | D        | Found a bloodstained altar of Trog.
    31 | D        | Found the +9 heavy crossbow "Sniper" {velocity, Acc+∞ SInv}
    31 | D        | Found the +10 dark maul {crush}
    31 | D        | Found the +15 Maxwell's patent armour {-Cast -Tele rElec MR+ rCorr}
    31 | D        | Found the +18 shield of the Gong {rElec rN+ MR+ EV-5}
    31 | D        | Found the cursed +14 obsidian axe {chop, +Fly SInv *Curse}
    40 | D        | Found the +6 shillelagh "Devastator" {shatter}
    40 | D        | Found the +11 plutonium sword {*Contam Stlth-}
    40 | D        | Found the +8 lance "Wyrmbane" {slay drac, rPois rF+ rC+ AC+3}
    40 | D        | Found the +9 sword of Zonguldrok {reap}
    40 | D        | Found the cursed +13 scythe of Curses {drain, *Curse}
    40 | D        | Found the +0 sword of Power
    40 | D        | Found the +14 mace of Variability {chaos}
    40 | D        | Found the +7 Singing Sword
    40 | D        | Found the +7 longbow "Piercer" {penet, EV-2}
    78 | D        | Reached skill level 5 in Fighting
    78 | D        | Reached XP level 2. HP: 21/21 MP: 2/2
    89 | D        | Entered arena 2.
    89 | D        | Noticed a floating eye
    89 | D        | Noticed a floating eye
    89 | D        | Found a transporter.
    90 | D        | Paralysed by a floating eye for 2 turns
    92 | D        | Killed a floating eye
    92 | D        | Reached skill level 5 in Axes
    92 | D        | Reached skill level 5 in Shields
    92 | D        | Reached XP level 3. HP: 28/28 MP: 3/3
    92 | D        | Reached XP level 4. HP: 32/32 MP: 4/4
    94 | D        | Killed a floating eye
    94 | D        | Reached skill level 5 in Dodging
    94 | D        | Reached skill level 5 in Stealth
    94 | D        | Reached XP level 5. HP: 38/38 MP: 5/5
   106 | D        | Entered arena 3.
   106 | D        | Found a transporter.
   109 | D        | Reached *** piety under Cheibriados
   110 | D        | Reached XP level 6. HP: 20/44 MP: 6/6
   277 | D        | Entered arena 4.
   277 | D        | Noticed a golden eye
   277 | D        | Found a transporter.
   279 | D        | Reached **** piety under Cheibriados
   282 | D        | Killed a golden eye
   282 | D        | Reached XP level 7. HP: 49/50 MP: 7/7
   292 | D        | Entered arena 5.
   292 | D        | Noticed a draconian
   292 | D        | Noticed a draconian
   292 | D        | Noticed a draconian
   292 | D        | Noticed a draconian
   292 | D        | Found a transporter.
   297 | D        | Killed a draconian
   297 | D        | Reached XP level 8. HP: 56/56 MP: 8/8
   302 | D        | Killed a draconian
   302 | D        | Reached ***** piety under Cheibriados
   303 | D        | Killed a draconian
   303 | D        | Reached skill level 10 in Fighting
   304 | D        | Killed a draconian
   304 | D        | Reached skill level 10 in Stealth
   304 | D        | Reached skill level 10 in Shields
   304 | D        | Reached XP level 9. HP: 58/63 MP: 9/9
   322 | D        | Entered arena 6.
   322 | D        | Found a transporter.
   325 | D        | Reached skill level 1 in Invocations
   326 | D        | Reached ****** piety under Cheibriados
   349 | D        | Entered arena 7.
   350 | D        | Found a transporter.
   366 | D        | Got the ring of Vouch {rPois SInv}
   438 | D        | Entered arena 8.
   439 | D        | Found a transporter.
   454 | D        | Identified the Incunabulum of Evil Conjuration (You found it in the Dungeon)
   456 | D        | Entered arena 9.
   456 | D        | Noticed a naga mage
   456 | D        | Noticed a naga mage
   456 | D        | Noticed a naga mage
   457 | D        | Found a transporter.
   460 | D        | Killed a naga mage
   462 | D        | Killed a naga mage
   462 | D        | Reached XP level 10. HP: 70/70 MP: 11/13
   462 | D        | Killed a naga mage
   462 | D        | Reached skill level 10 in Axes
   480 | D        | Entered arena 10.
   480 | D        | Noticed a wolf spider
   481 | D        | Found a transporter.
   482 | D        | Killed a wolf spider
   482 | D        | Reached skill level 5 in Invocations
   506 | D        | Entered arena 11.
   507 | D        | Found a transporter.
   526 | D        | Got the ring of Lucidity {rF+ Str+7 Stlth+}
   536 | D        | Entered arena 12.
   536 | D        | Noticed a cyclops
   536 | D        | Noticed a two-headed ogre
   537 | D        | Noticed a two-headed ogre
   537 | D        | Noticed a two-headed ogre
   537 | D        | Noticed a cyclops
   538 | D        | Found a transporter.
   540 | D        | Reached skill level 10 in Dodging
   541 | D        | Killed a two-headed ogre
   541 | D        | Reached XP level 11. HP: 72/76 MP: 16/16
   542 | D        | Killed a two-headed ogre
   544 | D        | Killed a cyclops
   545 | D        | Killed a two-headed ogre
   549 | D        | Killed a cyclops
   563 | D        | Identified the Handbook of Mutagenic Poison (You found it in the Dungeon)
   690 | D        | Entered arena 13.
   690 | D        | Noticed a skeletal warrior
   690 | D        | Noticed a reaper
   690 | D        | Noticed a reaper
   697 | D        | Killed a skeletal warrior
   701 | D        | Found a transporter.
   702 | D        | Killed a reaper
   704 | D        | Killed a reaper
   704 | D        | Reached XP level 12. HP: 32/86 MP: 4/18
   712 | D        | Got the ring of the Scarab {rC+ rN+ MR+ EV+1}
   716 | D        | Got the ring of Irrepressible Laughter {+Fly rC+ Str+4}
   868 | D        | Entered arena 14.
   869 | D        | Noticed a titan
   869 | D        | Noticed a titan
   870 | D        | Found the +8 trident of the Octopus King {venom, rElec rPois MR+}
   870 | D        | Noticed a storm dragon
   872 | D        | Noticed a spriggan air mage
   875 | D        | Killed from afar by a titan

Skill      XL: |  1  2  3  4  5  6  7  8  9 10 11 |
---------------+----------------------------------+-----
Fighting       | 5 6 7 8 9 10 11 12 14 | 14.7
Axes           | 4 5 6 7 9 10 12 | 12.7
Dodging        | 3 4 5 6 7 8 9 10 11 | 11.8
Shields        | 3 5 6 7 8 10 11 12 14 | 14.3
Stealth        | 4 5 7 8 10 11 12 13 | 13.5
Invocations    | 4 7 8 |  8.7

Action                   |  1- 3 |  4- 6 |  7- 9 | 10-12 || total
-------------------------+-------+-------+-------+-------++-------
Melee: Broad axe         |     1 |     8 |    29 |    28 ||    66
Invok: Slouch            |       |       |       |     6 ||     6
  Use: Potion            |     1 |       |       |     2 ||     3
 Stab: Distracted        |       |       |     1 |       ||     1
  Eat: Chunk             |       |       |     2 |     2 ||     4
Armor: Gold dragon scale |       |       |    16 |    35 ||    51
Dodge: Dodged            |       |       |     5 |    14 ||    19
Block: Shield            |       |     6 |    63 |    76 ||   145
